Map: Ephemeron LE

Players

susanoo - Winner!

  • Race: Zerg Zerg
  • League: Diamond
  • Spawn Location: 11:00

A.I. 1 (Very Easy)

  • Race: Protoss Protoss
  • Spawn Location: 5:00

VOD

Have the link to the VOD?

Description

Time

  • Played on: Dec. 12, 2019, 11:35 p.m.
  • Length: 7:11
Show
View Real Time Build Order
Export as new Build Order

susanoo Zerg - Winner!

Build Orders: Hatch First 

Get SALT Encoding   

  12  0:02  Drone  
  13  0:13  Overlord  
  13  0:18  Drone  
  14  0:31  Drone x2  
  16  0:49  Hatchery  
  15  0:52  Drone  
  15  0:56  Drone  
  17  1:02  Drone  
  18  1:10  Extractor  
  17  1:16  Spawning Pool  
  16  1:18  Drone  
  16  1:21  Drone  
  18  1:28  Drone  
  19  1:39  Drone  
  20  1:50  Overlord  
  20  2:03  Zergling x4  
  20  2:06  Queen x2  
  26  2:29  Hatchery  
  25  2:31  Drone  
  25  2:32  Drone x2  
  25  2:33  Drone  
  29  2:37  Drone  
  30  2:46  Lair  
  30  2:53  Queen  
  32  2:58  Overlord  
  32  3:02  Overlord  
  32  3:08  Drone x2  
  32  3:10  Drone  
  32  3:12  Drone  
  36  3:22  Drone x4  
  40  3:28  Extractor x2  
  40  3:31  Drone x2  
  40  3:35  Extractor  
  40  3:39  Overlord  
  39  3:43  Queen  
  39  3:45  Drone  
  42  3:56  Overlord  
  42  3:57  Drone x2  
  42  3:58  Drone  
  45  4:08  Drone x4  
  49  4:12  Drone  
  50  4:21  Spire  
  50  4:22  Overseer  
  49  4:24  Drone  
  50  4:33  Overseer  
  50  4:34  Drone x2  
  50  4:35  Drone x2  
  54  4:39  Drone  
  54  4:40  Metabolic Boost  
  55  4:50  Overlord x2  
  55  5:02  Overlord x3  
  54  5:12  Overlord x3  
  54  5:14  Zergling x6  
  57  5:32  Mutalisk x5  
  57  5:34  Mutalisk  
  69  5:37  Mutalisk  
  69  5:40  Mutalisk  
  73  5:43  Mutalisk  
  73  5:46  Mutalisk  
  77  5:52  Zergling x6  
  80  6:07  Zergling x2  
  80  6:08  Zergling x18  
  90  6:18  Zergling x2  
  90  6:19  Zergling x2  
  92  6:25  Zergling x2  
  92  6:26  Zergling x6  
  96  6:36  Zergling x2  
  96  6:37  Zergling x8  
  101  6:42  Roach Warren  
  100  6:48  Zergling x6  
Show
View Real Time Build Order
Export as new Build Order

A.I. 1 (Very Easy) Protoss 

Build Orders:  

Get SALT Encoding   

  12  0:00  Probe  
  13  0:13  Probe  
  14  0:20  Pylon  
  14  0:37  Assimilator  
  14  0:42  Gateway  
  14  0:46  Pylon  
  14  1:13  Assimilator  
  14  1:21  Probe  
  14  1:23  Zealot  
  15  1:29  Probe  
  15  1:32  Cybernetics Core  
  17  1:39  Probe  
  19  1:52  Probe  
  20  2:01  Probe  
  21  2:08  Warp Gate  
  21  2:09  Probe  
  22  2:44  Stalker  
  24  6:35  Stalker  
  24  6:37  Pylon  
  22  6:44  Probe  
  15  6:52  Probe  
Tags
 
League
Diamond
Matchup
PvZ
Spawn Locations
Cross Positions
Add a new tag
Caveats
  • Supply blocks, unpowered buildings, or Contaminate may cause inaccurate times.
  • Supply counts are checked every 10 seconds.